 Dungeon Crawl Stone Soup version 0.27.1-35-g4d5d836560 (webtiles) character file.

Game seed: 16533703182204576140

37 mosco the Ducker (level 3, 0/28 HPs)
             Began as a Demonspawn Gladiator on May 14, 2022.
             Succumbed to an adder's poison
             ... on level 2 of the Dungeon.
             The game lasted 00:02:43 (1420 turns).

mosco the Ducker (Demonspawn Gladiator)             Turns: 1420, Time: 00:02:44

Health: 0/28       AC:  5    Str: 14    XL:     3   Next: 21%
Magic:  3/3        EV: 12    Int:  9    God:
Gold:   47         SH:  0    Dex: 15    Spells: 2/2 levels left

rFire    . . .     SeeInvis .   a - +0 war axe
rCold    . . .     Faith    .   (no shield)
rNeg     . . .     Spirit   .   b - +0 leather armour
rPois    .         Reflect  .   c - +0 helmet
rElec    .         Harm     .   (no cloak)
rCorr    .         Rampage  .   h - +0 pair of gloves
Will     .....                  (no boots)
Stlth    +.........             (no amulet)
HPRegen  0.09/turn              (no ring)
MPRegen  0.16/turn              (no ring)

@: lethally poisoned (0 -> -3)
A: claws 1, magic regeneration
a: no special abilities


You were on level 2 of the Dungeon.
You visited 1 branch of the dungeon, and saw 2 of its levels.

You collected 47 gold pieces.

Inventory:

Hand Weapons
 a - a +0 war axe (weapon)
 f - a +0 dagger of venom
Missiles
 d - 3 throwing nets (quivered)
Armour
 b - a +0 leather armour (worn)
 c - a +0 helmet (worn)
 h - a +0 pair of gloves (worn)
Scrolls
 e - a scroll of acquirement {unknown}
 i - a scroll of torment {unknown}
Potions
 g - a potion of flight {unknown}


   Skills:
 + Level 2.3 Fighting
 + Level 3.1 Axes
 + Level 1.7 Throwing
 + Level 1.0 Armour
 + Level 3.1 Dodging


You had 2 spell levels left.
You didn't know any spells.
Your spell library was empty.

Dungeon Overview and Level Annotations

Branches:
Dungeon (2/15)

Altars:
Dithmenos

Shops:
D:1 [


Innate Abilities, Weirdness & Mutations

You have sharp fingernails.
You regenerate magic rapidly.


Message History

The adder is severely wounded.
You hit the hobgoblin. The adder bites you but does no damage.
The hobgoblin hits you.
You barely miss the adder.
The adder is severely wounded.
You closely miss the hobgoblin. The adder bites you.
You are poisoned.
The adder poisons you! The hobgoblin barely misses you. The adder bites you.
You closely miss the adder.
The adder is severely wounded.
You hit the hobgoblin.
You kill the hobgoblin!
You feel sick. The adder barely misses you. The adder bites you.
You are lethally poisoned!
The adder poisons you!
You closely miss the adder.
The adder is heavily wounded.
* * * LOW HITPOINT WARNING * * *
You feel very sick. The adder misses you. x2
You hit the adder.
You kill the adder!
* * * LOW HITPOINT WARNING * * *
You feel very sick.
Your Armour skill increases to level 1!
You have reached level 3!
Your experience leads to an increase in your attributes!
Increase (S)trength, (I)ntelligence, or (D)exterity?
You feel agile.
Your demonic ancestry asserts itself...
Your fingernails lengthen.
There is a lethal amount of poison in your body!
* * * LOW HITPOINT WARNING * * *
You feel sick.
You see here 2 gold pieces.
* * * LOW HITPOINT WARNING * * *
You feel sick.
* * * LOW HITPOINT WARNING * * *
You feel sick.
You see here 2 gold pieces.
You die...

#........ #......!
#...... #.....####
##........ .......
#†..# #.@.# .# #.$.#
..# #...# ..#
#...#...# ..
##...#...# ....
#........# ...
#........# ...##
#........# #..
#........#########..


There were no monsters in sight!

Vanquished Creatures
  2 adders (D:2)
  A ball python (D:2)
  2 bats (D:1)
  2 endoplasms (D:1)
  2 giant cockroaches
  2 goblins (D:1)
  3 hobgoblins
  A quokka (D:2)
  A kobold (D:1)
  A rat (D:2)
17 creatures vanquished.

Vanquished Creatures (others)
  4 fungi (D:2)
4 creatures vanquished.

Grand Total: 21 creatures vanquished

Notes
Turn   | Place    | Note
-------+----------+-------------------------------------------
     0 | D:1      | mosco the Demonspawn Gladiator began the quest for the Orb.
     0 | D:1      | Reached XP level 1. HP: 16/16 MP: 1/1
   170 | D:1      | Found Kotette's Antique Armour Shoppe.
   380 | D:1      | Found a faded altar of an unknown god.
   439 | D:1      | Gained mutation: You regenerate magic rapidly. [demonic
                  | ancestry]
   439 | D:1      | Reached XP level 2. HP: 8/22 MP: 2/2
  1229 | D:2      | Found a shadowy altar of Dithmenos.
  1417 | D:2      | Reached skill level 1 in Armour
  1417 | D:2      | Gained mutation: You have sharp fingernails. [demonic
                  | ancestry]
  1417 | D:2      | Reached XP level 3. HP: 4/28 MP: 3/3
  1419 | D:2      | HP: 1/28 [poisoned by an adder]
  1420 | D:2      | Succumbed to an adder's poison

Illustrated notes

Levels and vault maps discovered:
D:1:      amcnicky_arrival_underground_garden, layout_basic,
          chequers_ecumenical_altar_island, serial_curves, eino_curves_03,
          eino_curves_04, eino_curves_04, eino_curves_03, serial_shops, shop
D:2:      layout_basic, basic_altar, minmay_misc_feat_hallway,
          chequers_serial_rivers_small_a, uniq_crazy_yiuf_cottage, uniq_terence

Skill      XL: |  1  2 |
---------------+-------+-----
Dodging        | 3 |  3.1
Axes           | 3 |  3.1
Armour         | 1 |  1.0
Fighting       | |  2.3
Throwing       | |  1.7

Action                   || total
-------------------------++-------
Melee: War axe           ||    58
Armor: Leather armour    ||    59
Dodge: Dodged            ||    62
